AoeStats
← jbw6792

Black Forest

508883959Analyzed
4v4 RM · 8d ago on Sep 24, 2026· 43m 26s· 8 players
Game mode
Random Map
Map size
Large (8 player)
Population
200
Speed
Normal
Resources
Standard
Victory
Conquest
Starting age
Dark Age
Ending age
Imperial Age
RankedLock teamsTeams togetherTeam positionsShared explorationLock speedFull tech treeHidden civsTurbo modeCheats
Victory
Defeat
🇮🇳 Saxons · India
916
+16
🇦🇺 Danes · Australia
898
+17
🇦🇷 Romans · Argentina
840
+19
🇮🇳 Britons · India
823
+20
🇹🇼 Spanish · Taiwan
927
-19
🇮🇳 Saxons · India
919
-18
🇨🇳 Danes · China
911
-18
🇨🇳 Bengalis · China
886
-17
SUMC_月月
12:22 Feudal Age
14:04 Wheelbarrow
18:34 Castle Age
16:24 Double-Bit Axe
16:21 Horse Collar
16:55 Town Watch
19:56 Hand Cart
20:07 Bow Saw
23:54 Gold Mining
23:55 Stone Mining
26:41 Stone Mining
27:33 Gold Shaft Mining
27:19 Heavy Plow
29:17 Paiks
31:21 Scale Barding Armor
31:17 Padded Archer Armor
31:07 Fletching
33:29 Leather Archer Armor
33:09 Bodkin Arrow
36:12 Ballistics
39:07 Imperial Age
37:53 Husbandry
38:04 Bloodlines
38:55 Town Patrol
43:01 Guilds
43:25 Chain Barding Armor
43:16 Forging
42:43 Elite Battle Elephant
Miles
4:47 Loom
11:25 Feudal Age
12:06 Double-Bit Axe
12:04 Horse Collar
13:55 Wheelbarrow
19:24 Castle Age
22:57 Heavy Plow
23:42 Bow Saw
31:56 Imperial Age
30:28 Hand Cart
30:12 Fishing Lines
31:34 Stone Mining
31:39 Gold Mining
31:38 Town Watch
32:17 Gillnets
33:50 Town Patrol
35:00 Padded Archer Armor
34:50 Fletching
36:12 Two-Man Saw
38:07 Caravan
38:18 Guilds
38:25 Leather Archer Armor
38:06 Bodkin Arrow
39:18 Elite Conquistador
40:19 Conscription
40:08 Scale Barding Armor
40:14 Forging
40:36 Ring Archer Armor
40:06 Bracer
41:08 Husbandry
41:18 Bloodlines
40:30 Cavalier
40:31 Light Cavalry
42:04 Chain Barding Armor
42:21 Iron Casting
42:19 Coinage
43:07 Chemistry
42:30 Ballistics
42:23 Masonry
43:22 Hoardings
43:08 Supremacy
42:11 Paladin
43:08 Fortified Wall
43:16 Block Printing
43:14 Redemption
43:25 Sanctity
43:16 Fervor
43:49 Plate Barding Armor
44:17 Blast Furnace
44:09 Bombard Tower
43:53 Murder Holes
potatoes
10:54 Feudal Age
11:22 Fishing Lines
12:36 Double-Bit Axe
18:45 Castle Age
19:54 Horse Collar
20:26 Bow Saw
20:46 Gillnets
27:35 Gold Mining
27:36 Stone Mining
28:57 Heavy Plow
31:37 Ballistics
37:10 Imperial Age
34:27 Town Watch
35:18 Wheelbarrow
34:28 Loom
34:48 Scale Mail Armor
34:58 Forging
34:39 Fletching
34:56 Squires
34:41 Gambesons
35:13 Elite Skirmisher
35:59 Thumb Ring
36:13 Hamask
41:53 Chemistry
41:17 Chain Mail Armor
41:38 Iron Casting
40:58 Bodkin Arrow
Master
0:44 Loom
12:18 Feudal Age
13:39 Double-Bit Axe
19:25 Castle Age
19:32 Fishing Lines
23:29 Gillnets
25:43 Bow Saw
26:23 Horse Collar
27:15 Gold Mining
27:19 Stone Mining
31:45 Imperial Age
30:02 Gold Shaft Mining
30:44 Scale Mail Armor
30:55 Forging
30:23 Man-at-Arms
30:48 Gambesons
31:04 Squires
32:25 Chain Mail Armor
32:01 Arson
31:47 Elite Varangian Guard
33:05 Heavy Plow
33:48 Plate Mail Armor
33:54 Iron Casting
33:10 Capped Ram
35:16 Two-Man Saw
34:49 Crop Rotation
34:36 Shield Wall
35:38 Conscription
36:23 Hoardings
37:49 Scale Barding Armor
39:17 Chain Barding Armor
40:05 Bloodlines
39:56 Husbandry
39:17 Light Cavalry
39:26 Heavy Scorpion
39:26 Siege Ram
40:27 Caravan
41:45 Hussar
jbw6792
4:32 Loom
11:14 Feudal Age
15:39 Castle Age
13:34 Double-Bit Axe
13:34 Horse Collar
14:34 Stone Mining
14:37 Gold Mining
18:25 Bow Saw
21:48 Wheelbarrow
30:34 Imperial Age
28:27 Hand Cart
28:15 Loom
28:48 Caravan
30:05 Forging
29:56 Scale Mail Armor
31:03 Gold Shaft Mining
31:09 Stone Shaft Mining
31:27 Iron Casting
30:18 Hamask
31:32 Masonry
32:07 Conscription
31:10 Elite Varangian Guard
31:54 Squires
31:42 Arson
33:39 Chain Mail Armor
34:25 Blast Furnace
33:06 Elite Jomsviking
34:13 Heavy Plow
33:43 Onager
34:04 Northmen's Fury
35:38 Plate Mail Armor
37:41 Siege Onager
39:10 Siege Engineers
41:25 Fletching
Ezeedg
1:08 Loom
13:44 Feudal Age
17:57 Forging
17:53 Double-Bit Axe
18:32 Scale Barding Armor
18:43 Bloodlines
20:36 Wheelbarrow
22:35 Horse Collar
26:09 Castle Age
24:18 Gold Mining
28:27 Bow Saw
34:37 Imperial Age
32:30 Heavy Plow
32:14 Fishing Lines
36:53 Man-at-Arms
37:44 Scale Mail Armor
38:48 Iron Casting
37:54 Long Swordsman
38:38 Squires
39:00 Chain Mail Armor
39:05 Hand Cart
38:37 Town Watch
38:32 Heavy Scorpion
38:35 Legionary
41:01 Gold Shaft Mining
43:47 Blast Furnace
KronoS
12:47 Feudal Age
12:13 Loom
14:33 Horse Collar
14:42 Double-Bit Axe
17:25 Castle Age
19:17 Bow Saw
23:06 Wheelbarrow
27:40 Imperial Age
25:18 Gold Mining
27:19 Fletching
27:30 Padded Archer Armor
28:42 Ballistics
29:19 Hand Cart
29:34 Bodkin Arrow
29:55 Leather Archer Armor
30:20 Conscription
30:55 Gold Shaft Mining
30:12 Stone Mining
31:38 Chemistry
30:31 Pikeman
31:32 Forging
31:22 Scale Mail Armor
33:06 Yeomen
35:41 Bracer
36:11 Ring Archer Armor
36:26 Chain Mail Armor
36:47 Iron Casting
36:23 Town Watch
40:36 Plate Mail Armor
41:06 Blast Furnace
43:38 Hoardings
42:24 Elite Longbowman
Lezionare
0:40 Loom
11:33 Feudal Age
18:39 Castle Age
17:09 Double-Bit Axe
17:28 Horse Collar
18:42 Gold Mining
19:54 Bow Saw
20:58 Wheelbarrow
24:27 Hand Cart
30:38 Imperial Age
28:56 Scale Mail Armor
29:26 Heavy Plow
31:10 Gold Shaft Mining
31:01 Forging
31:06 Chain Mail Armor
32:01 Conscription
32:07 Elite Varangian Guard
33:03 Forging
32:49 Arson
33:05 Squires
35:25 Chain Mail Armor
35:46 Iron Casting
35:42 Fletching
36:31 Iron Casting
38:03 Bodkin Arrow
38:38 Plate Mail Armor
38:06 Bodkin Arrow
39:30 Shield Wall
42:15 Bracer
42:16 Padded Archer Armor
Connection lost

Rejoining the realm…

Still unreachable

The connection could not be restored.

Session expired

The server has moved on; the page needs a fresh start.